NYP
MINNESOTA (NYP) TWINS @ STATEN ISLAND YANKEES
08/08/2044
 
TOP OF THE 1ST
Minnesota (NYP) Twins batting - Pitching for Staten Island Yankees : RHP Gustav Kleber
Pitching: RHP Gustav Kleber
Batting: LHB Chris Munguia 0-0: Ground out 6-3 (Groundball, 6, EV 85.6 MPH)
Batting: RHB Michael McDonald 0-0: Ball
1-0: SINGLE (Flyball, 8LS, EV 86.2 MPH)
Batting: RHB Miguel Diaz 0-0: Reaches on Catchers interference
Michael McDonald to second
Batting: RHB Jose Nunez 0-0: Called Strike
0-1: Swinging Strike
0-2: Strikes out swinging
Batting: RHB David Nardone 0-0: Ground out 4-3 (Groundball, 34, EV 93.8 MPH)
Top of the 1st over - 0 runs, 1 hit, 1 error, 2 left on base; Minnesota (NYP) 0 - Staten Island 0
BOTTOM OF THE 1ST
Staten Island Yankees batting - Pitching for Minnesota (NYP) Twins : RHP Dean Huch
Pitching: RHP Dean Huch
Batting: RHB Steve Martin 0-0: Ball
1-0: Ball
2-0: Swinging Strike
2-1: Ball
3-1: Foul Ball, location: 2F
3-2: SINGLE (Groundball, 56D, EV 106.9 MPH)
Batting: LHB Mario Hurtado 0-0: Ball
1-0: DOUBLE (Flyball, 8RD, EV 101.2 MPH)
Steve Martin to third
Batting: LHB Roald Jacobs 0-0: Called Strike
0-1: Ball
1-1: 3-RUN HOME RUN (Flyball, 89XD, EV 100.0 MPH), Distance : 429 ft
Batting: RHB Chris Diaz 0-0: Ball
1-0: Ball
2-0: Ball
3-0: Base on Balls
Batting: LHB Ben Roth 0-0: Ball
1-0: Fly out, F9 (Flyball, 9S, EV 90.0 MPH)
Batting: LHB Alex Genao 0-0: SINGLE (Groundball, 34D, EV 106.9 MPH)
Chris Diaz to second
Runner from 2nd tries for 3rd, SAFE, no throw by RF
Batting: RHB Lorenzo Vasquez 0-0: Ball
1-0: Ball
Wild Pitch!
Chris Diaz scores
Alex Genao to second
2-0: Called Strike
2-1: Foul Ball, location: 2F
2-2: Ground out 6-3 (Groundball, 6, EV 86.2 MPH)
Alex Genao to third
Batting: LHB Carlos del Cueto 0-0: Ball
1-0: Foul Ball, location: 2F
1-1: Ball
2-1: Ground out 4-3 (Groundball, 4, EV 80.0 MPH)
Bottom of the 1st over - 4 runs, 4 hits, 0 errors, 1 left on base; Minnesota (NYP) 0 - Staten Island 4
TOP OF THE 2ND
Minnesota (NYP) Twins batting - Pitching for Staten Island Yankees : RHP Gustav Kleber
Batting: LHB Seung-jun Chang 0-0: Called Strike
0-1: Called Strike
0-2: Foul Ball, location: 2F
0-2: Ball
1-2: Ball
2-2: Ball
3-2: Strikes out swinging
Batting: RHB Tony Crespo 0-0: Ball
1-0: Swinging Strike
1-1: Ball
2-1: Foul Ball, location: 2F
2-2: Foul Ball, location: 2F
2-2: Strikes out swinging
Batting: SHB Donell Burney 0-0: Ball
1-0: Called Strike
1-1: Ball
2-1: Foul Ball, location: 2F
2-2: Strikes out looking
Top of the 2nd over - 0 runs, 0 hits, 0 errors, 0 left on base; Minnesota (NYP) 0 - Staten Island 4
BOTTOM OF THE 2ND
Staten Island Yankees batting - Pitching for Minnesota (NYP) Twins : RHP Dean Huch
Batting: SHB Plácido Barrrenho 0-0: Ball
1-0: Ball
2-0: SINGLE (Flyball, 8LS, EV 96.9 MPH)
Batting: RHB Steve Martin 0-0: Ball
1-0: Called Strike
1-1: Ground out 5-3 (Groundball, 5S, EV 69.4 MPH)
Plácido Barrrenho to second
Batting: LHB Mario Hurtado 0-0: Swinging Strike
0-1: Called Strike
0-2: SINGLE (Groundball, 6MD, EV 110.0 MPH)
Plácido Barrrenho to third
Runner from 3rd tries for Home, throw by CF and OUT! 8-2
Batting: LHB Roald Jacobs 0-0: Called Strike
Mario Hurtado is caught stealing 2nd base 2-6
Bottom of the 2nd over - 0 runs, 2 hits, 0 errors, 0 left on base; Minnesota (NYP) 0 - Staten Island 4
TOP OF THE 3RD
Minnesota (NYP) Twins batting - Pitching for Staten Island Yankees : RHP Gustav Kleber
Batting: RHB Manuel Juarez 0-0: Ball
1-0: Swinging Strike
1-1: Ball
2-1: Ground out 6-3 (Groundball, 6, EV 86.9 MPH)
Batting: LHB Chris Munguia 0-0: Ball
1-0: Ball
2-0: TRIPLE (Flyball, 89XD, EV 101.2 MPH)
Batting: RHB Michael McDonald 0-0: Called Strike
0-1: Ball
1-1: Ground out 4-3 (Groundball, 4, EV 91.9 MPH)
Chris Munguia scores
Batting: RHB Miguel Diaz 0-0: Ground out 5-3 (Groundball, 56S, EV 72.5 MPH)
Top of the 3rd over - 1 run, 1 hit, 0 errors, 0 left on base; Minnesota (NYP) 1 - Staten Island 4
BOTTOM OF THE 3RD
Staten Island Yankees batting - Pitching for Minnesota (NYP) Twins : RHP Dean Huch
Batting: LHB Roald Jacobs 0-0: Fly out, F9 (Flyball, 9, EV 80.6 MPH)
Batting: RHB Chris Diaz 0-0: Fly out, F7 (Flyball, 7S, EV 86.2 MPH)
Batting: LHB Ben Roth 0-0: Ball
1-0: Called Strike
1-1: Swinging Strike
1-2: Foul Ball, location: 2F
1-2: Ball
2-2: Ball
3-2: Base on Balls
Batting: LHB Alex Genao 0-0: Fly out, F9 (Flyball, 9S, EV 75.6 MPH)
Bottom of the 3rd over - 0 runs, 0 hits, 0 errors, 1 left on base; Minnesota (NYP) 1 - Staten Island 4
TOP OF THE 4TH
Minnesota (NYP) Twins batting - Pitching for Staten Island Yankees : RHP Gustav Kleber
Batting: RHB Jose Nunez 0-0: Ball
1-0: Ball
2-0: Ball
3-0: Base on Balls
Batting: RHB David Nardone 0-0: Ball
1-0: 2-RUN HOME RUN (Flyball, 78XD, EV 103.8 MPH), Distance : 416 ft
Batting: LHB Seung-jun Chang 0-0: Swinging Strike
0-1: Ball
1-1: Swinging Strike
1-2: Ball
2-2: Foul Ball, location: 2F
2-2: Ball
3-2: Strikes out swinging
Batting: RHB Tony Crespo 0-0: Foul Ball, location: 2F
0-1: Fly out, F8 (Line Drive, 8RM, EV 97.5 MPH)
Batting: SHB Donell Burney 0-0: Ball
1-0: Ground out 4-3 (Groundball, 4, EV 91.2 MPH)
Top of the 4th over - 2 runs, 1 hit, 0 errors, 0 left on base; Minnesota (NYP) 3 - Staten Island 4
BOTTOM OF THE 4TH
Staten Island Yankees batting - Pitching for Minnesota (NYP) Twins : RHP Dean Huch
Batting: RHB Lorenzo Vasquez 0-0: Called Strike
0-1: Ball
1-1: Ground out 6-3 (Groundball, 6, EV 84.4 MPH)
Batting: LHB Carlos del Cueto 0-0: Called Strike
0-1: Reached on error, E4 (Groundball, 34D, EV 101.2 MPH)
Batting: SHB Plácido Barrrenho 0-0: Ground out 6-3 (Groundball, 56, EV 88.8 MPH)
Batting: RHB Steve Martin 0-0: Ground out U3 (Groundball, 34, EV 84.4 MPH)
Bottom of the 4th over - 0 runs, 0 hits, 1 error, 1 left on base; Minnesota (NYP) 3 - Staten Island 4
TOP OF THE 5TH
Minnesota (NYP) Twins batting - Pitching for Staten Island Yankees : RHP Gustav Kleber
Batting: RHB Manuel Juarez 0-0: Foul Ball, location: 2F
0-1: Ball
1-1: Foul Ball, location: 2F
1-2: Strikes out swinging
Batting: LHB Chris Munguia 0-0: Ball
1-0: Ball
2-0: Foul Ball, location: 2F
2-1: DOUBLE (Line Drive, 7LM, EV 96.9 MPH)
Batting: RHB Michael McDonald 0-0: Called Strike
0-1: Ball
1-1: Foul Ball, location: 2F
1-2: Ball
2-2: Ball
3-2: Base on Balls
Batting: RHB Miguel Diaz 0-0: Called Strike
Chris Munguia steals 3rd base (no throw)
0-1: Swinging Strike
0-2: Ball
1-2: Ball
2-2: Ball
3-2: Base on Balls
Michael McDonald to second
Batting: RHB Jose Nunez 0-0: Fly out, F7 (Flyball, 78D, EV 86.2 MPH)
Runner from 3rd tags up, SCORES, no throw by LF
Batting: RHB David Nardone 0-0: Called Strike
0-1: Ball
1-1: Ball
2-1: Foul Ball, location: 2F
2-2: Ball
3-2: SINGLE (Groundball, 15S, EV 67.5 MPH) (infield hit)
Michael McDonald to third
Miguel Diaz to second
Batting: LHB Seung-jun Chang 0-0: Called Strike
0-1: Foul Ball, location: 2F
0-2: Foul Ball, location: 2F
0-2: Ball
1-2: Ball
2-2: Strikes out looking
Top of the 5th over - 1 run, 2 hits, 0 errors, 3 left on base; Minnesota (NYP) 4 - Staten Island 4
BOTTOM OF THE 5TH
Staten Island Yankees batting - Pitching for Minnesota (NYP) Twins : RHP Dean Huch
Batting: LHB Mario Hurtado 0-0: Ball
1-0: Foul Ball, location: 2F
1-1: Foul Ball, location: 2F
1-2: Ground out 5-3 (Groundball, 56, EV 104.4 MPH)
Batting: LHB Roald Jacobs 0-0: Called Strike
0-1: Foul Ball, location: 2F
0-2: SINGLE (Groundball, 25, EV 62.5 MPH) (infield hit)
Batting: RHB Chris Diaz 0-0: Ball
Roald Jacobs steals 2nd base
1-0: Foul Ball, location: 2F
1-1: Ball
2-1: SINGLE (Groundball, 56, EV 106.2 MPH) (infield hit)
Roald Jacobs to third
Pitching: RHP Kevin Colgin
Batting: LHB Ben Roth 0-0: 3-RUN HOME RUN (Flyball, 7LD, EV 95.0 MPH), Distance : 343 ft
Batting: LHB Alex Genao 0-0: Ball
1-0: Called Strike
1-1: Ball
2-1: Ground out U3 (Groundball, 3, EV 90.0 MPH)
Batting: RHB Lorenzo Vasquez 0-0: SINGLE (Groundball, 56D, EV 101.2 MPH)
Batting: LHB Carlos del Cueto 0-0: Ball
1-0: Fielders Choice at 2nd, 5-4 (Groundball, 56, EV 86.2 MPH)
Bottom of the 5th over - 3 runs, 4 hits, 0 errors, 1 left on base; Minnesota (NYP) 4 - Staten Island 7
TOP OF THE 6TH
Minnesota (NYP) Twins batting - Pitching for Staten Island Yankees : RHP Gustav Kleber
Batting: RHB Tony Crespo 0-0: Foul Ball, location: 2F
0-1: Called Strike
0-2: Ball
1-2: Strikes out swinging
Batting: SHB Donell Burney 0-0: Reached on error, E6 (Groundball, 6M, EV 90.0 MPH)
Batting: RHB Manuel Juarez 0-0: Ball
1-0: Ball
2-0: Ball
3-0: Called Strike
3-1: Called Strike
3-2: Strikes out looking
Batting: LHB Chris Munguia 0-0: Ball
Wild Pitch!
Donell Burney to second
1-0: Swinging Strike
1-1: Ball
2-1: Ball
3-1: Base on Balls
Pitching: LHP Roberto Ruit
Batting: RHB Michael McDonald 0-0: Called Strike
0-1: Ball
1-1: Ball
Balk!
Donell Burney to third
Chris Munguia to second
2-1: Ball
Passed Ball!
Donell Burney scores
Chris Munguia to third
3-1: Fly out, F5 (Popup, 56S, EV 73.8 MPH)
Top of the 6th over - 1 run, 0 hits, 1 error, 1 left on base; Minnesota (NYP) 5 - Staten Island 7
BOTTOM OF THE 6TH
Staten Island Yankees batting - Pitching for Minnesota (NYP) Twins : RHP Kevin Colgin
Batting: SHB Plácido Barrrenho 0-0: Ball
1-0: Foul Ball, location: 2F
1-1: Ball
2-1: Ball
3-1: Base on Balls
Batting: RHB Steve Martin 0-0: Called Strike
0-1: Fly out, F3 (Popup, 3S, EV 67.5 MPH)
Batting: LHB Mario Hurtado 0-0: Ball
1-0: Called Strike
1-1: Called Strike
1-2: Ball
2-2: Ball
3-2: Foul Ball, location: 2F
3-2: Base on Balls
Plácido Barrrenho to second
Pitching: RHP Matt Lundy
Batting: LHB Roald Jacobs 0-0: Called Strike
0-1: Fly out, F8 (Flyball, 8RXD, EV 88.1 MPH)
Runner from 2nd tags up, SAFE at 3rd, no throw by CF
Batting: RHB Chris Diaz 0-0: Ball
1-0: SINGLE (Groundball, 6MD, EV 101.2 MPH)
Plácido Barrrenho scores
Mario Hurtado to second
Runner from 2nd tries for 3rd, SAFE, throw by CF made to third
Chris Diaz to second
Batting: LHB Ben Roth 0-0: Called Strike
0-1: DOUBLE (Line Drive, 89XD, EV 101.2 MPH)
Mario Hurtado scores
Chris Diaz scores
Batting: LHB Alex Genao 0-0: Called Strike
0-1: Swinging Strike
0-2: Strikes out swinging
Bottom of the 6th over - 3 runs, 2 hits, 0 errors, 1 left on base; Minnesota (NYP) 5 - Staten Island 10
TOP OF THE 7TH
Minnesota (NYP) Twins batting - Pitching for Staten Island Yankees : LHP Roberto Ruit
Batting: RHB Miguel Diaz 0-0: Ground out 6-3 (Groundball, 6S, EV 81.2 MPH)
Batting: RHB Jose Nunez 0-0: Ball
1-0: Ball
2-0: Ball
3-0: Base on Balls
Batting: RHB David Nardone 0-0: Fly out, F8 (Flyball, 8LXD, EV 99.4 MPH)
Batting: LHB Seung-jun Chang 0-0: Reached on error, E3 (Groundball, 3, EV 103.1 MPH)
Jose Nunez to second
Batting: RHB Tony Crespo 0-0: Ball
1-0: Ground out U3 (Groundball, 23, EV 88.1 MPH)
Top of the 7th over - 0 runs, 0 hits, 1 error, 2 left on base; Minnesota (NYP) 5 - Staten Island 10
BOTTOM OF THE 7TH
Staten Island Yankees batting - Pitching for Minnesota (NYP) Twins : RHP Matt Lundy
Batting: RHB Lorenzo Vasquez 0-0: Ground out 6-3 (Groundball, 6, EV 89.4 MPH)
Batting: LHB Carlos del Cueto 0-0: Ball
1-0: Ball
2-0: Ball
3-0: Base on Balls
Batting: SHB Plácido Barrrenho 0-0: Ball
1-0: Ball
2-0: Ball
3-0: Called Strike
3-1: Foul Ball, location: 2F
3-2: Foul Ball, location: 2F
3-2: Fielders Choice at 2nd, 4-6 (Groundball, 34, EV 101.2 MPH)
Batting: RHB Steve Martin 0-0: Ball
1-0: Ball
2-0: Ball
3-0: Called Strike
3-1: Swinging Strike
3-2: Base on Balls
Plácido Barrrenho to second
Batting: LHB Mario Hurtado 0-0: Called Strike
0-1: Ball
1-1: Ball
2-1: Swinging Strike
2-2: Ball
3-2: SINGLE (Groundball, 56S, EV 63.1 MPH) (infield hit)
Plácido Barrrenho to third
Steve Martin to second
Batting: LHB Roald Jacobs 0-0: Swinging Strike
0-1: Called Strike
0-2: SINGLE (Groundball, 4S, EV 70.0 MPH) (infield hit)
Plácido Barrrenho scores
Steve Martin to third
Mario Hurtado to second
Batting: RHB Chris Diaz 0-0: DOUBLE (Line Drive, 78M, EV 115.0 MPH)
Steve Martin scores
Mario Hurtado scores
Roald Jacobs to third
Batting: LHB Ben Roth 0-0: Ball
1-0: Called Strike
1-1: Ball
2-1: Called Strike
2-2: Strikes out looking
Bottom of the 7th over - 3 runs, 3 hits, 0 errors, 2 left on base; Minnesota (NYP) 5 - Staten Island 13
TOP OF THE 8TH
Minnesota (NYP) Twins batting - Pitching for Staten Island Yankees : LHP Roberto Ruit
Pinch Hitting: RHB Motohiko Hamasaki 0-0: Called Strike
0-1: Ball
1-1: Ball
2-1: Foul Ball, location: 2F
2-2: Foul Ball, location: 2F
2-2: Strikes out swinging
Batting: RHB Manuel Juarez 0-0: Called Strike
0-1: Swinging Strike
0-2: Strikes out swinging
Pinch Hitting: RHB Abdul-Qahhar Wasim 0-0: Called Strike
0-1: Called Strike
0-2: Strikes out swinging
Top of the 8th over - 0 runs, 0 hits, 0 errors, 0 left on base; Minnesota (NYP) 5 - Staten Island 13
BOTTOM OF THE 8TH
Staten Island Yankees batting - Pitching for Minnesota (NYP) Twins : RHP Matt Lundy
Now at SS: Alex Loaiza
Now in LF: Abdul-Qahhar Wasim
Now in RF: David Nardone
Pinch Hitting: LHB Jordan Lozoya 0-0: Ball
1-0: Called Strike
1-1: Swinging Strike
1-2: Ball
2-2: Ball
3-2: Base on Balls
Batting: RHB Lorenzo Vasquez 0-0: Ball
1-0: Foul Ball, location: 2F
1-1: Ball
2-1: Ball
3-1: Base on Balls
Jordan Lozoya to second
Batting: LHB Carlos del Cueto 0-0: Ball
Wild Pitch!
Jordan Lozoya to third
Lorenzo Vasquez to second
1-0: Ball
2-0: Ball
3-0: Called Strike
3-1: Foul Ball, location: 2F
3-2: 3-RUN HOME RUN (Flyball, 9D, EV 96.2 MPH), Distance : 367 ft
Pitching: RHP Ruben Torres
Batting: SHB Plácido Barrrenho 0-0: Foul Ball, location: 2F
0-1: Ground out U3 (Groundball, 3, EV 92.5 MPH)
Pinch Hitting: RHB Phil Corliss 0-0: Swinging Strike
0-1: SINGLE (Groundball, 6D, EV 103.1 MPH)
Batting: LHB Mario Hurtado 0-0: Swinging Strike
0-1: Ball
1-1: Ball
2-1: Foul Ball, location: 2F
2-2: SINGLE (Groundball, 6S, EV 68.1 MPH) (infield hit)
Phil Corliss to second
Pinch Hitting: RHB Bobby Arteaga 0-0: Fielders Choice at 2nd, 5-4 (Groundball, 56, EV 85.6 MPH)
Phil Corliss to third
Pinch Hitting: SHB Victor Martinez 0-0: Foul Ball, location: 2F
0-1: Called Strike
0-2: Foul Ball, location: 2F
0-2: Foul Ball, location: 2F
0-2: Ground out U3 (Groundball, 3, EV 103.8 MPH)
Bottom of the 8th over - 3 runs, 3 hits, 0 errors, 2 left on base; Minnesota (NYP) 5 - Staten Island 16
TOP OF THE 9TH
Minnesota (NYP) Twins batting - Pitching for Staten Island Yankees : LHP Roberto Ruit
Now at 1B: Jordan Torres
Now at 2B: Phil Corliss
Now at SS: Victor Martinez
Now in LF: Bobby Arteaga
Batting: RHB Michael McDonald 0-0: Ball
1-0: Called Strike
1-1: SINGLE (Flyball, 89S, EV 93.1 MPH)
Batting: RHB Miguel Diaz 0-0: Fielders Choice at 2nd, 3-6 (Groundball, 3S, EV 86.2 MPH)
Batting: RHB Jose Nunez 0-0: Ball
1-0: Fielders Choice at 2nd, 6-4 (Groundball, 6, EV 81.9 MPH)
Batting: RHB David Nardone 0-0: Called Strike
0-1: Called Strike
0-2: Ball
1-2: Foul Ball, location: 2F
1-2: Ground out 4-3 (Groundball, 4, EV 80.0 MPH)
Top of the 9th over - 0 runs, 1 hit, 0 errors, 1 left on base; Minnesota (NYP) 5 - Staten Island 16
Thursday, March 31st , 2022 - OOTP Baseball 22.12 Build 89